Map: Dash and Terminal LE (Void)

Players

SpongeBob

  • Race: Terran Terran
  • League: Diamond

llllllllll - Winner!

  • Race: Zerg Zerg
  • League: Gold

VOD

Have the link to the VOD?

Description

Time

  • Played on: Oct. 23, 2015, 12:02 a.m.
  • Length: 12:54
Show
View Real Time Build Order
Export as new Build Order

SpongeBob Terran 

Build Orders: Liberator Opening, MMM Bio 

Get SALT Encoding   

  12  0:01  SCV  
  13  0:13  SCV  
  14  0:21  Supply Depot  
  14  0:25  SCV  
  15  0:43  SCV  
  16  0:50  Barracks  
  16  0:54  Refinery  
  16  0:55  SCV  
  17  1:07  SCV  
  18  1:19  SCV  
  19  1:31  SCV  
  20  1:34  Command Center  
  20  1:38  Reaper  
  21  1:44  Orbital Command  
  21  1:54  Supply Depot  
  21  2:12  SCV  
  21  2:13  Barracks Reactor  
  22  2:20  Refinery  
  22  2:25  SCV  
  23  2:32  Factory  
  23  2:38  SCV  
  24  2:52  Marine x2  
  24  2:54  Orbital Command  
  24  2:57  SCV  
  26  3:02  Bunker  
  26  3:09  Bunker  
  26  3:10  Marine x2  
  26  3:12  SCV, Orbital Command  
  28  3:25  Hellion  
  29  3:27  SCV  
  29  3:28  Starport  
  30  3:37  Orbital Command  
  30  3:39  SCV  
  31  3:45  Barracks Tech Lab  
  31  3:51  SCV  
  31  3:54  Hellion x2  
  36  3:57  Supply Depot  
  36  3:59  Liberator  
  36  4:03  SCV  
  36  4:04  SCV  
  38  4:15  Barracks Tech Lab, Barracks  
  38  4:16  SCV  
  38  4:17  SCV, Barracks  
  43  4:26  Hellion  
  43  4:28  SCV  
  43  4:30  Hellion  
  48  4:31  Supply Depot  
  48  4:32  SCV  
  49  4:38  Marine  
  49  4:40  SCV, Stimpack  
  49  4:44  SCV  
  49  4:45  Liberator  
  52  4:52  SCV  
  53  4:54  Supply Depot  
  53  4:56  SCV  
  53  4:57  Engineering Bay  
  54  5:03  Engineering Bay, Marine x2  
  53  5:19  Marine  
  53  5:20  Marine  
  53  5:21  Marine  
  54  5:27  Liberator  
  48  5:34  Unknown  
  43  5:36  Missile Turret x2, Marine  
  43  5:38  Marine  
  43  5:40  Marine  
  47  5:50  SCV x2  
  47  5:54  Marine  
  50  5:57  Missile Turret  
  50  6:02  Supply Depot, SCV  
  50  6:03  SCV  
  52  6:05  Supply Depot  
  52  6:08  Terran Infantry Weapons Level 1  
  52  6:10  Missile Turret  
  52  6:12  Barracks Reactor  
  52  6:13  Barracks Reactor  
  52  6:14  SCV  
  52  6:15  SCV, Marine  
  55  6:27  SCV x2  
  57  6:33  Marine  
  57  6:36  Command Center  
  57  6:39  SCV  
  59  6:44  Combat Shields  
  59  6:46  SCV  
  60  6:49  Refinery  
  60  6:50  Refinery, Marine  
  60  6:51  SCV, Marine x3  
  60  6:52  Medivac  
  67  6:58  SCV  
  68  7:01  Marine  
  68  7:03  SCV  
  68  7:04  Terran Infantry Armor Level 1  
  68  7:06  Supply Depot  
  70  7:08  Marine x2  
  70  7:09  Liberator, Marine x2  
  74  7:19  Marine  
  75  7:26  Marine x4  
  75  7:29  Missile Turret  
  82  7:30  Supply Depot  
  82  7:34  Armory  
  82  7:37  Marine  
  82  7:39  Liberator  
  82  7:44  Barracks, Marine x4  
  83  7:45  Barracks  
  83  7:46  SCV x2  
  83  7:51  Orbital Command  
  89  7:55  Marine  
  93  8:02  Marine  
  93  8:09  Medivac  
  68  8:19  Marine x2  
  53  8:20  Marine x3  
  53  8:24  Orbital Command  
  43  8:37  Marine x5  
  47  8:55  Marine x5  
  51  9:08  Medivac  
  51  9:09  Barracks Reactor  
  53  9:13  Marine x5  
  41  9:30  Marine  
  41  9:31  Marauder, Marine x3  
  35  9:33  Supply Depot  
  35  9:48  Marine  
  35  9:49  Marine x3  
  35  9:52  Marine  
  40  10:06  Orbital Command, Marine  
  41  10:13  Siege Tank  
  44  10:14  Marine  
  44  10:19  Marine  
  46  10:31  SCV x2  
  48  10:40  Marauder  
  50  10:43  SCV x2  
  52  10:55  SCV x2  
  54  10:58  Marine  
  54  10:59  Siege Tank, Marine x3  
  54  11:00  SCV  
  54  11:01  Marauder  
  64  11:07  SCV  
  64  11:08  SCV  
  66  11:12  SCV  
  66  11:16  Marine x2  
  66  11:17  Marine x2  
  71  11:19  SCV  
  71  11:20  SCV  
  75  11:26  Marauder  
  75  11:30  SCV  
  75  11:32  SCV x2  
  78  11:34  Marine x4  
  78  11:35  Barracks  
  78  11:36  Barracks  
  82  11:46  Marine  
  83  11:52  Marine x4  
  87  12:00  Siege Tank  
  88  12:04  Marine  
  88  12:05  SCV  
  88  12:06  SCV x2  
  92  12:10  Supply Depot x2, Marine x4  
  96  12:17  SCV  
  96  12:20  SCV x2  
  96  12:22  Marine  
  100  12:23  Supply Depot  
  100  12:27  Marine  
  100  12:28  Marine x3  
  100  12:29  SCV  
Show
View Real Time Build Order
Export as new Build Order

llllllllll Zerg - Winner!

Build Orders: Pool First, Muta Ling Bane 

Get SALT Encoding   

  12  0:01  Drone  
  13  0:08  Drone  
  13  0:12  Extractor  
  13  0:16  Drone  
  14  0:35  Spawning Pool  
  13  0:36  Drone  
  14  0:46  Extractor  
  14  0:47  Drone  
  15  0:53  Overlord  
  15  1:21  Queen  
  15  1:22  Metabolic Boost  
  15  1:24  Drone  
  18  1:27  Drone  
  18  1:29  Drone  
  20  1:37  Zergling x2  
  21  1:47  Zergling x2  
  22  1:57  Extractor  
  22  2:00  Lair  
  21  2:01  Overlord  
  21  2:10  Drone  
  22  2:24  Drone  
  23  2:36  Hatchery  
  22  2:38  Drone  
  23  2:46  Drone x2  
  25  3:05  Spire  
  24  3:16  Overlord  
  24  3:17  Drone  
  25  3:22  Drone  
  25  3:29  Overlord  
  25  3:50  Queen  
  27  4:12  Drone  
  28  4:17  Mutalisk  
  28  4:18  Mutalisk x4  
  28  4:22  Drone  
  39  4:24  Drone  
  40  4:31  Drone x2  
  40  4:37  Drone x2  
  44  4:40  Drone  
  44  4:42  Drone  
  45  4:53  Drone x4  
  45  4:57  Drone  
  45  4:58  Drone  
  51  5:07  Drone  
  49  5:22  Drone  
  49  5:23  Drone x2  
  49  5:27  Drone  
  49  5:28  Drone  
  52  5:32  Overlord  
  52  5:33  Overlord  
  52  5:49  Overlord  
  51  5:50  Zergling x4  
  51  5:51  Zergling x4  
  51  5:54  Corruptor  
  51  5:55  Corruptor  
  58  5:59  Extractor  
  58  6:03  Corruptor  
  59  6:04  Drone  
  59  6:10  Hatchery  
  59  6:14  Zergling x2  
  59  6:15  Zergling x12  
  66  6:23  Baneling Nest  
  65  6:34  Overlord, Zergling x4  
  67  6:45  Overlord, Zergling x6  
  67  6:46  Zergling x6  
  73  6:50  Zergling x4  
  73  6:52  Queen  
  77  7:00  Zergling x4  
  79  7:06  Centrifical Hooks  
  79  7:10  Overlord  
  79  7:11  Zergling x6  
  79  7:13  Zergling x2  
  83  7:20  Overlord  
  83  7:25  Zergling x8  
  87  7:35  Zergling x6  
  90  7:41  Zergling x2  
  90  7:42  Zergling x2  
  90  7:43  Baneling x4  
  90  7:44  Baneling x7  
  92  7:46  Zergling x2  
  92  7:49  Zergling x2  
  92  7:50  Zergling x2  
  73  8:06  Zergling x8  
  73  8:10  Zergling x2  
  73  8:11  Zergling x4  
  72  8:16  Zergling x4  
  72  8:19  Zergling x6  
  73  8:20  Zergling x2  
  73  8:22  Zergling x4  
  73  8:26  Zergling x6  
  77  8:29  Zergling x2  
  77  8:38  Zergling x4  
  77  8:40  Zergling x4  
  74  8:44  Zergling x2  
  70  8:49  Zergling x4  
  70  8:52  Baneling x11  
  70  8:54  Zergling x2  
  70  9:02  Zergling x2  
  69  9:03  Zergling x4  
  69  9:07  Zergling x2  
  70  9:13  Zergling x2  
  70  9:14  Zergling x2  
  70  9:16  Zergling x6  
  70  9:18  Zergling x2  
  70  9:19  Zergling x4  
  70  9:22  Zergling x2  
  64  9:30  Zergling x8  
  67  9:32  Zergling x2  
  67  9:33  Zergling x2  
  69  9:41  Baneling x8  
  69  9:42  Zergling x2  
  69  9:49  Zergling x8  
  69  9:50  Zergling x2  
  69  9:52  Zergling x2  
  75  9:55  Zergling x2  
  72  10:00  Drone x3  
  75  10:08  Corruptor  
  75  10:09  Corruptor  
  79  10:22  Drone x4  
  79  10:24  Overlord, Zergling x2, Extractor  
  79  10:25  Extractor  
  82  10:31  Corruptor  
  82  10:35  Zergling x6  
  87  10:39  Zergling x6  
  92  10:43  Overseer x2  
  92  10:46  Corruptor  
  92  10:49  Zergling x2  
  95  11:03  Zergling x2  
  95  11:04  Zergling x4  
  98  11:05  Zergling x2  
  98  11:08  Hatchery  
  98  11:12  Corruptor  
  98  11:13  Corruptor  
  102  11:22  Corruptor  
  104  11:31  Zergling x14  
  104  11:32  Zergling x4  
  113  11:35  Zergling x2  
  113  11:36  Zergling x2  
  113  11:39  Overlord  
  115  11:49  Overlord  
  115  11:50  Corruptor x2  
  115  11:58  Zergling x10  
  115  11:59  Zergling x4  
  120  12:03  Baneling x4  
  120  12:10  Zergling x4  
  120  12:11  Zergling x8  
  120  12:12  Zergling x6  
  120  12:13  Zergling x2  
  131  12:22  Zergling x2  
  131  12:23  Zergling x4  
  133  12:33  Zergling x6  
  133  12:34  Zergling x4  
Tags
 
Add a new tag
Caveats
  • Supply blocks, unpowered buildings, or Contaminate may cause inaccurate times.
  • Supply counts are checked every 10 seconds.